 Dungeon Crawl Stone Soup version 0.28-a0-973-ga7f8b01127 (webtiles) character file.

Game seed: 14083350064599031658

365 Syrorian the Poker (level 6, 0/53 HPs)
             Began as a Draconian Berserker on Dec 1, 2021.
             Was a Believer of Trog.
             Succumbed to a scorpion's poison
             ... on level 4 of the Dungeon.
             The game lasted 00:17:22 (3925 turns).

Syrorian the Poker (Draconian Berserker)            Turns: 3925, Time: 00:17:23

Health: 0/53       AC:  6    Str: 21    XL:     6   Next: 40%
Magic:  6/6        EV: 14    Int:  8    God:    Trog [**....]
Gold:   189        SH:  0    Dex: 16    Spells: 5/5 levels left

rFire   . . .      SeeInvis .   a - +1 spear
rCold   . . .      Faith    .   (no shield)
rNeg    . . .      Spirit   .   (armour unavailable)
rPois   .          Reflect  .   (helmet restricted)
rElec   .          Harm     .   (no cloak)
rCorr   .          Rampage  .   (no gloves)
Will    .....                   (no boots)
Stlth   ++........              (no amulet)
HPRegen 0.17/turn               g - +6 ring of dexterity
MPRegen 0.10/turn               (no ring)

@: lethally poisoned (0 -> -7), hasted, very quick
A: AC +6, unfitting armour, cold-blooded
a: Renounce Religion, Berserk, Trog's Hand


You were on level 4 of the Dungeon.
You worshipped Trog.
Trog was pleased with you.
You visited 1 branch of the dungeon, and saw 4 of its levels.

You collected 189 gold pieces.

Inventory:

Hand Weapons
 a - a +1 spear (weapon)
 b - a +0 whip
 m - a +0 hunting sling
Missiles
 e - 94 stones (quivered)
 f - 37 sling bullets
 j - 7 bolts
Armour
 d - a +0 ring mail
 i - a +0 robe
Jewellery
 g - a +6 ring of dexterity (left hand)
Scrolls
 h - a scroll of magic mapping {unknown}
 k - 2 scrolls of identify {unknown}
Potions
 c - 2 potions of haste
 n - a potion of lignification {unknown}


   Skills:
 + Level 4.4 Fighting
 * Level 5.3 Polearms
 + Level 1.3 Throwing
 + Level 4.1 Dodging
 + Level 0.7 Stealth


You had 5 spell levels left.
You didn't know any spells.
Your spell library contained the following spells:

 Spells                   Type           Power      Damage    Failure   Level
 Animate Skeleton         Necr           0%         N/A       41%         1
 Apportation              Tloc           0%         N/A       41%         1
 Magic Dart               Conj           0%         1d3       41%         1
 Slow                     Hex            0%         N/A       41%         1
 Summon Small Mammal      Summ           0%         N/A       41%         1
 Searing Ray              Conj           0%         2d4       54%         2
 Call Canine Familiar     Summ           0%         N/A       78%         3
 Confusing Touch          Hex            0%         N/A       78%         3
 Frozen Ramparts          Ice            0%         1d2       78%         3
 Summon Guardian Golem    Hex/Summ       0%         N/A       78%         3
 Tukima's Dance           Hex            0%         N/A       78%         3
 Vampiric Draining        Necr           0%         2d6       78%         3
 Fulminant Prism          Conj/Hex       0%         3d6       99%         4
 Ice Form                 Ice/Tmut       0%         N/A       99%         4
 Passage of Golubria      Tloc           0%         N/A       99%         4
 Summon Ice Beast         Ice/Summ       0%         N/A       99%         4
 Yara's Violent Unravell  Hex/Tmut       0%         3d3       100%        5
 Orb of Destruction       Conj           0%         N/A       100%        7
 Spellforged Servitor     Conj/Summ      0%         N/A       100%        7


Dungeon Overview and Level Annotations

Branches:
Dungeon (4/15)
 Temple: D:4-7

Altars:
Ashenzari


Innate Abilities, Weirdness & Mutations

Your plain brown scales are hard. (AC +6)
You cannot fit into any form of body armour.
You are cold-blooded and may be slowed by cold attacks.


Message History

You feel very sick. The scorpion closely misses you.
You closely miss the scorpion.
The scorpion is severely wounded.
* * * LOW HITPOINT WARNING * * *
You feel very sick. The scorpion barely misses you.
You hit the scorpion but do no damage.
The scorpion is severely wounded.
* * * LOW HITPOINT WARNING * * *
You feel sick. The scorpion misses you.
You hit the scorpion.
You tail-slap the scorpion, but do no damage.
The scorpion is almost dead.
* * * LOW HITPOINT WARNING * * *
You feel very sick. The scorpion stings you.
* * * LOW HITPOINT WARNING * * *
It was a potion of haste.
You feel yourself speed up.
* * * LOW HITPOINT WARNING * * *
You feel sick. The scorpion closely misses you.
It was a potion of curing.
You feel better. The scorpion stings you.
* * * LOW HITPOINT WARNING * * *
You are lethally poisoned!
The scorpion poisons you!
You barely miss the scorpion.
Your tail-slap misses the scorpion.
The scorpion is almost dead.
* * * LOW HITPOINT WARNING * * *
You feel sick. The scorpion closely misses you.
You hit the scorpion.
You kill the scorpion!
Trog accepts your kill.
* * * LOW HITPOINT WARNING * * *
You feel sick.
* * * LOW HITPOINT WARNING * * *
You feel sick.
You see here a scorpion corpse.
* * * LOW HITPOINT WARNING * * *
You feel sick.
You die...

#.# #####.# #.....#
#.##### #.# ###.###
#.....#
#.#######.#.#.###
#...@.†.....<...#
#....####.#.#.#.###
#.##.# #..........
# #.# ###########
#.# ... ###


There were no monsters in sight!

Vanquished Creatures
  A phantom (D:3)
  2 scorpions
  An orc priest (D:4)
  An iguana (D:3)
  4 adders
  A worm (D:2)
  3 dart slugs
  4 orcs
  6 ball pythons
  6 endoplasms
  3 giant cockroaches (D:1)
  10 goblins
  9 hobgoblins
  3 jackals (D:4)
  6 kobolds
  6 bats
  2 frilled lizards
  5 rats
73 creatures vanquished.

Notes
Turn   | Place    | Note
-------+----------+-------------------------------------------
     0 | D:1      | Syrorian the Draconian Berserker began the quest for the
                  | Orb.
     0 | D:1      | Reached XP level 1. HP: 19/19 MP: 1/1
    81 | D:1      | Found a faded altar of an unknown god.
   455 | D:1      | Reached XP level 2. HP: 26/26 MP: 2/2
  1035 | D:1      | Reached XP level 3. HP: 33/33 MP: 3/3
  1447 | D:2      | Reached ** piety under Trog
  1725 | D:2      | Reached XP level 4. HP: 40/40 MP: 4/4
  2200 | D:3      | Noticed a phantom
  2365 | D:3      | Killed a phantom
  2366 | D:3      | Reached skill level 4 in Polearms
  2366 | D:3      | Reached XP level 5. HP: 5/46 MP: 5/5
  3258 | D:3      | Found a broken altar of Ashenzari.
  3295 | D:3      | Reached skill level 1 in Throwing
  3632 | D:4      | Reached XP level 6. HP: 43/53 MP: 6/6
  3710 | D:4      | Reached skill level 5 in Polearms
  3919 | D:4      | HP: 1/53 [poisoned by a scorpion]
  3924 | D:4      | HP: 1/53 [poisoned by a scorpion]
  3925 | D:4      | Succumbed to a scorpion's poison

Illustrated notes

Levels and vault maps discovered:
D:1:      ncdulo_smallfort, layout_basic, dilly_ecumenical_altar_fadedgnrine
D:2:      minmay_evil_eye, layout_rooms, hex_tiny
D:3:      layout_loops_ring, nicolae_overflow_crystal_walls
D:4:      layout_loops_ring, hangedman_abyss_or_decor_stabs,
          kennysheep_generic_room_4

Skill      XL: |  1  2  3  4  5  6 |
---------------+-------------------+-----
Dodging        | 3 4 |  4.1
Fighting       | 4 |  4.4
Polearms       | 4 5 |  5.3
Throwing       | 1 |  1.3
Stealth        | |  0.7

Action                   |  1- 3 |  4- 6 || total
-------------------------+-------+-------++-------
Melee: Spear             |   105 |   129 ||   234
       Tailslap          |    10 |    26 ||    36
Throw: Stone             |    20 |    27 ||    47
Invok: Berserk           |       |     2 ||     2
       Trog's Hand       |       |     1 ||     1
  Use: Scroll            |     1 |       ||     1
       Potion            |       |     2 ||     2
Armor: Skin              |    29 |    44 ||    73
Dodge: Dodged            |    52 |    99 ||   151

Table legend: (Time is in decaauts)
 A = Elapsed time spent in this place.
 B = Non-inter-level travel time spent in this place.
 C = Inter-level travel time spent in this place.
 D = Time resting spent in this place.
 E = Time spent auto-exploring this place.
 F = Levels seen in this place.
 G = Mean time per level.
                   A        B        C        D        E       F      G
               +--------+--------+--------+--------+--------+-----+--------+
         Total |   3928 |   3928 |      0 |    685 |    549 |   4 |  982.0 |
       Dungeon |   3928 |   3928 |      0 |    685 |    549 |   4 |  982.0 |
               +--------+--------+--------+--------+--------+-----+--------+

Top non-repeatable levels by time:
     D:3: 1387 daAuts
     D:1: 1349 daAuts
     D:2: 870 daAuts
     D:4: 320 daAuts
